 Dungeon Crawl Stone Soup version 0.25-a0-589-g1e14c549ee (webtiles) character file.

Game seed: 5751844334179452325, levelgen mode: deterministic

3766 Eurus the Chiller (level 9, -11/58 HPs)
             Began as a Demonspawn Ice Elementalist on Mar 12, 2020.
             Was a Follower of Qazlal.
             Killed by divine providence
             ... invoked by an orc priest
              (16 damage)
             ... on level 9 of the Dungeon.
             The game lasted 00:28:57 (10907 turns).

Eurus the Chiller (Demonspawn Ice Elementalist)    Turns: 10907, Time: 00:28:58

Health: -11/58     AC: 13    Str: 12    XL:     9   Next: 94%
Magic:  9/18       EV: 14    Int: 19    God:    Qazlal [*.....]
Gold:   593        SH:  2    Dex: 13    Spells: 13/21 levels left

rFire    . . .     SeeInvis .   m - +2 flail (protect)
rCold    . . .     Gourm    .   (no shield)
rNeg     . . .     Faith    .   a - +0 robe
rPois    +         Spirit   .   p - +1 helmet
rElec    .         Reflect  .   (no cloak)
rCorr    .         Harm     .   (no gloves)
MR       .....                  (no boots)
Stlth    ++........             (no amulet)
HPRegen  0.19/turn              (no ring)
MPRegen  0.16/turn              i - ring of poison resistance

@: sanguine armour, frozen ramparts
A: talons 1, blink, demonic guardian 1, frail 1, spiny 1, strong 1, sanguine
armour 2
a: Blink, Renounce Religion


You were on level 9 of the Dungeon.
You worshipped Qazlal.
Qazlal was aware of your devotion.
You were not hungry.

You visited 2 branches of the dungeon, and saw 10 of its levels.
You also visited: Bailey.

You collected 593 gold pieces.

Inventory:

Hand Weapons
 m - a +2 flail of protection (weapon)
Armour
 a - a +0 robe (worn)
 p - a +1 helmet (worn)
 u - a +0 buckler
Magical Staves
 e - an uncursed staff of conjuration
 w - an uncursed staff of air
Jewellery
 h - an uncursed ring of wizardry
 i - a ring of poison resistance (right hand)
 y - the ring of Nudghen {*Tele rPois MR+ Str-5 Int+2}
   (You took it off an orc on level 7 of the Dungeon)

   [ring of teleportation]

   It may teleport you next to monsters.
   It affects your strength (-5).
   It affects your intelligence (+2).
   It protects you from poison.
   It affects your resistance to hostile enchantments.
Wands
 v - a wand of disintegration (17)
 x - a wand of random effects (26)
 A - a wand of acid (10)
Scrolls
 f - 9 scrolls of identify
 g - 5 scrolls of remove curse
 j - a scroll of enchant weapon
 n - 5 scrolls of teleportation
 o - 3 scrolls of magic mapping
 q - 2 scrolls of enchant armour
 r - 2 scrolls of fear
 B - a scroll of noise {unknown}
Potions
 b - 2 potions of lignification
 d - a potion of resistance
 k - 2 potions of heal wounds
 l - a potion of ambrosia
 s - a potion of curing
 z - 2 potions of magic
Comestibles
 c - 16 rations
 t - 3 chunks of flesh


   Skills:
 - Level 4.2 Fighting
 - Level 4.2 Dodging
 - Level 1.7 Stealth
 * Level 3.7 Shields
 + Level 6.6 Spellcasting
 + Level 5.2 Conjurations
 - Level 3.0 Charms
 + Level 7.9 Ice Magic


You had 13 spell levels left.
You knew the following spells:

 Your Spells              Type           Power        Failure   Level  Hunger
a - Freeze                Ice            ####         1%          1    None
b - Frozen Ramparts       Ice            #####.       1%          3    ##.....
c - Ozocubu's Armour      Chrm/Ice       ####....     3%          3    ##.....
d - Magic Dart            Conj           ####         1%          1    None

Your spell library contained the following spells:

 Spells                   Type           Power        Failure   Level  Hunger
 Searing Ray              Conj           ####..       1%          2    None
 Hailstorm                Conj/Ice       ####....     7%          4    ####...
 Dazzling Flash           Conj/Hex       ###...       11%         3    ##.....
 Summon Ice Beast         Ice/Summ       ###.....     21%         4    ####...
 Confusing Touch          Hex            #.......     32%         3    ##.....
 Gell's Gravitas          Tloc           #.........   32%         3    ##.....
 Fulminant Prism          Conj/Hex       ###.......   34%         4    ####...
 Iskenderun's Mystic Bla  Conj/Tloc      ###.....     34%         4    ####...
 Metabolic Englaciation   Hex/Ice        ###.......   50%         5    #####..
 Petrify                  Tmut/Erth      #.......     71%         4    ####...
 Yara's Violent Unravell  Hex/Tmut       #.........   96%         5    #####..


Dungeon Overview and Level Annotations

Branches:
Dungeon (9/15)             Temple (1/1) D:5          Bailey (visited)
   Lair: D:8-11         Orc: D:9-12

Altars:
Ashenzari
Cheibriados
Dithmenos
Elyvilon
Fedhas
Gozag
Hepliaklqana
Kikubaaqudgha
Makhleb
Nemelex Xobeh
Okawaru
Qazlal
Ru
Sif Muna
Trog
Uskayaw
Vehumet
Wu Jian
Xom
Yredelemnul
Zin
The Shining One

Annotations:
D:4 Edmund


Innate Abilities, Weirdness & Mutations

You have sharp toenails.
A weak demonic guardian rushes to your aid.
You are partially covered in sharp spines.
When seriously injured, your bleeding wounds create thick armour. (AC +9)
You can translocate small distances at will.
You are frail. (-10% HP)
Your muscles are strong. (Str +2)


Message History

The walls around you are covered in icicles.
The walls release a blast of icicles at the orc warrior!
The orc warrior is encased in ice.
The walls release a blast of icicles at the two-headed ogre!
You kill the two-headed ogre!
Qazlal accepts your kill.
Training target 4.0 for Dodging reached!
Your Dodging skill increases to level 4!
Your Shields skill increases to level 3!
Your Conjurations skill increases to level 5!
The walls release a blast of icicles at the orc warrior!
You see here a bullfrog skeleton.
There is a stone staircase leading up here.
The walls release a blast of icicles at the orc warrior!
The orc warrior is encased in ice.
The walls release a blast of icicles at the orc priest!
The orc priest is encased in ice.
The orc priest mumbles some strange prayers to Beogh against you.
Beogh smites you!
You die...

.....##.# #...#)#
.....##.# #.#.#.#
.....##O# #.#.#.#
#.###.... #.#.#.#
#.)# ..... #O#.#.#
##.# .....
#.#.#.##### ##(##
......##.#.#.....#
....#
.###...)..#####.#
....# .#
#.##.#@5.o.#.#
....## #
#.#####o#.#####
...O.##.# #..
#.#.....#
...#.##.# ####
#o####.##
...#.##.# #.#..#.#
...#.##.# #o#.##.#
####.##.# #.#....#
#.##.# #.#.####
#.(#.### #.#.#


You could see an orc warrior, an orc priest and a friendly shadow imp.

Vanquished Creatures
  A two-headed ogre (D:9)
  Pikel (D:4)
  Grinder (D:5)
  An orc warrior (D:9)
  2 ice beasts
  A phantom (D:6)
  An ogre (D:7)
  2 centaurs
  6 bullfrogs
  A wyvern zombie (D:7)
  3 killer bees (D:8)
  A howler monkey (D:7)
  3 crimson imps
  A centaur skeleton (D:4)
  5 hounds
  5 orc priests
  8 orc wizards
  An iguana (D:7)
  5 worker ants
  A howler monkey zombie (D:5)
  A worker ant zombie (D:7)
  3 gnolls (D:2)
  11 adders
  3 shadow imps
  An adder skeleton (D:4)
  2 worms
  A dart slug (D:1)
  5 leopard geckos
  36 orcs
  5 bats
  4 giant cockroaches
  8 goblins
  6 hobgoblins
  4 jackals
  11 kobolds
  3 quokkas (D:3)
  2 frilled lizards
  A leopard gecko skeleton (D:2)
  A quokka skeleton (D:4)
  8 rats
166 creatures vanquished.

Vanquished Creatures (collateral kills)
  An orc warrior (D:8)
  A scorpion (D:8)
  An orc (D:8)
3 creatures vanquished.

Vanquished Creatures (others)
  A slave (D:4)
  A scorpion (D:4)
  A giant cockroach (D:4)
3 creatures vanquished.

Grand Total: 172 creatures vanquished

Notes
Turn   | Place    | Note
-------+----------+-------------------------------------------
     0 | D:1      | Eurus the Demonspawn Ice Elementalist began the quest for
                  | the Orb.
     0 | D:1      | Reached XP level 1. HP: 13/13 MP: 3/3
   183 | D:1      | Gained mutation: When seriously injured, your bleeding
                  | wounds create armour. (AC +9) [demonic ancestry]
   183 | D:1      | Reached XP level 2. HP: 15/19 MP: 1/5
   269 | D:1      | Reached skill level 4 in Ice Magic
  1745 | D:2      | Reached XP level 3. HP: 24/24 MP: 2/6
  1750 | D:2      | Learned a level 3 spell: Frozen Ramparts
  2112 | D:2      | Gained mutation: When seriously injured, your bleeding
                  | wounds create thick armour. (AC +9) [demonic ancestry]
  2112 | D:2      | Reached XP level 4. HP: 16/30 MP: 1/8
  2700 | D:2      | Reached skill level 5 in Ice Magic
  3132 | D:3      | Reached XP level 5. HP: 25/35 MP: 9/9
  3608 | D:4      | Noticed a slave
  3661 | D:3      | Learned a level 3 spell: Ozocubu's Armour
  3993 | D:4      | Reached skill level 1 in Fighting
  4135 | D:4      | Reached skill level 1 in Charms
  4135 | D:4      | Gained mutation: You have sharp toenails. [demonic
                  | ancestry]
  4135 | D:4      | Reached XP level 6. HP: 30/43 MP: 11/11
  4165 | D:4      | Noticed Edmund
  4494 | D:4      | Noticed Pikel
  4519 | D:4      | Killed Pikel
  4519 | D:4      | Reached skill level 6 in Ice Magic
  4519 | D:4      | Reached XP level 7. HP: 24/51 MP: 2/13
  5283 | D:5      | Entered Level 5 of the Dungeon
  5322 | D:5      | Learned a level 1 spell: Magic Dart
  5437 | D:5      | Got a slimy bone ring
  5441 | D:5      | Noticed Grinder
  5468 | D:5      | Paralysed by Grinder for 5 turns
  5555 | D:4      | Reached skill level 1 in Conjurations
  5689 | D:5      | Gained mutation: You are partially covered in sharp spines.
                  | [demonic ancestry]
  5689 | D:5      | Reached XP level 8. HP: 32/58 MP: 8/14
  5853 | D:5      | Found a staircase to the Ecumenical Temple.
  5896 | Temple   | Entered the Ecumenical Temple
  5943 | Temple   | Became a worshipper of Qazlal Stormbringer
  6045 | D:5      | Killed Grinder
  6045 | D:5      | Reached skill level 5 in Spellcasting
  6508 | D:6      | Identified the ring "Joofebbuafo" {*Contam +Fly rF- SInv
                  | Stlth+} (You found it on level 5 of the Dungeon)
  6534 | D:6      | Gained mutation: Your magical capacity is low. (-10% MP)
                  | [mutagenic glow]
  6933 | D:6      | Found an ancient bone altar of Kikubaaqudgha.
  6937 | D:6      | Found a shimmering altar of Xom.
  6940 | D:6      | Found a shimmering blue altar of Sif Muna.
  6942 | D:6      | Found a snail-covered altar of Cheibriados.
  6942 | D:6      | Found a shattered altar of Ashenzari.
  6942 | D:6      | Found an iron altar of Okawaru.
  6942 | D:6      | Found a hide-covered altar of Uskayaw.
  6943 | D:6      | Found a blossoming altar of Fedhas.
  6944 | D:6      | Found an ornate altar of the Wu Jian Council.
  6945 | D:6      | Found a shadowy altar of Dithmenos.
  6946 | D:6      | Found a bloodstained altar of Trog.
  7207 | D:6      | Found a burning altar of Makhleb.
  7781 | D:7      | Reached skill level 7 in Ice Magic
  7802 | D:7      | Found a flagged portal.
  7815 | Bailey   | Entered a bailey
  8208 | D:7      | Gained mutation: A weak demonic guardian rushes to your
                  | aid. [demonic ancestry]
  8208 | D:7      | Reached XP level 9. HP: 55/65 MP: 7/15
  8993 | D:7      | Lost mutation: Your magical capacity is low. (-10% MP)
                  | [potion of mutation]
  8993 | D:7      | Gained mutation: You are frail. (-10% HP) [potion of
                  | mutation]
  8993 | D:7      | Gained mutation: You can translocate small distances at
                  | will. [potion of mutation]
  8993 | D:7      | Gained mutation: Your muscles are strong. (Str +2) [potion
                  | of mutation]
  9175 | D:7      | Identified the ring of Nudghen {*Tele rPois MR+ Str-5
                  | Int+2}
  9465 | D:8      | Reached skill level 1 in Shields
  9746 | D:8      | Reached * piety under Qazlal
 10332 | D:9      | Noticed a two-headed ogre
 10901 | D:9      | Killed a two-headed ogre
 10901 | D:9      | Reached skill level 5 in Conjurations
 10907 | D:9      | Killed from afar by an orc priest

Levels and vault maps discovered:
D:1:      dpeg_arrival_radiant, layout_loops_ring, minmay_hexomino_p4
D:2:      layout_basic, first_ration
D:3:      layout_basic
D:4:      layout_loops_cross, uniq_edmund, uniq_pikel
D:5:      layout_gridville, temple_fountains, uniq_grinder
D:6:      layout_loops_corners, minitemple, old_standard_altar,
          palyth_stone_intersect, kennysheep_potato
D:7:      layout_basic, enter_bailey_2
D:8:      layout_basic
D:9:      layout_basic, ebering_ghost_reflecting_pool
Temple:   jpeg_temple_alley_garden

Skill      XL: |  1  2  3  4  5  6  7  8  9 |
---------------+----------------------------+-----
Ice Magic      | 4 5 6 7 |  7.9
Spellcasting   | 3 4 5 6 |  6.6
Fighting       | 1 2 3 4 |  4.2
Charms         | 1 2 3 |  3.0
Conjurations   | 1 3 5 |  5.2
Dodging        | 2 4 |  4.2
Shields        | 3 |  3.7
Stealth        | |  1.7

Action                   |  1- 3 |  4- 6 |  7- 9 || total
-------------------------+-------+-------+-------++-------
Melee: Unarmed           |     7 |       |       ||     7
       Dagger            |    23 |     3 |       ||    26
       Flail             |       |    51 |   136 ||   187
       Kick              |       |       |    31 ||    31
 Cast: Freeze            |    60 |    39 |    86 ||   185
       Frozen Ramparts   |     1 |     4 |    15 ||    20
       Magic Dart        |       |       |     6 ||     6
       Ozocubu's Armour  |       |       |     1 ||     1
  Use: Scroll            |       |       |    10 ||    10
       Potion            |       |       |    10 ||    10
 Stab: Sleeping          |       |     1 |     3 ||     4
       Distracted        |       |       |     1 ||     1
  Eat: Chunk             |     4 |     7 |    18 ||    29
       Ration            |       |       |     1 ||     1
Armor: Robe              |    14 |    31 |    45 ||    90
Dodge: Dodged            |    50 |    61 |   142 ||   253
Block: Other             |       |       |     2 ||     2

Table legend:
 A = Non-vault XP
 B = Vault XP
 C = Vault XP percentage of total XP
 D = Non-vault monster count
 E = Vault monster count
 F = Vault count percentage of total count
                 A         B        C        D         E       F
            +---------+---------+-------+---------+---------+-------
      Total |    4423 |     958 |  17.8 |     164 |       5 |   3.0
            +---------+---------+-------+---------+---------+-------
        D:1 |      43 |       5 |  10.4 |      17 |       2 |  10.5
        D:2 |     105 |       0 |   0.0 |      27 |       0 |   0.0
        D:3 |      63 |       0 |   0.0 |      16 |       0 |   0.0
        D:4 |     445 |     629 |  58.6 |      22 |       1 |   4.3
        D:5 |     289 |     290 |  50.1 |       9 |       1 |  10.0
        D:6 |     424 |      34 |   7.4 |       9 |       1 |  10.0
        D:7 |     824 |       0 |   0.0 |      31 |       0 |   0.0
        D:8 |     792 |       0 |   0.0 |      17 |       0 |   0.0
        D:9 |    1438 |       0 |   0.0 |      16 |       0 |   0.0
            +---------+---------+-------+---------+---------+-------
